 Dungeon Crawl Stone Soup version 0.28.0-43-g3370ac3207 (webtiles) character file.

Game seed: 1881144310542232785

34 porpoise the Magician (level 3, 0/28 HPs)
             Began as a Djinni Fire Elementalist on Mar 7, 2022.
             Slain by a hobgoblin (4 damage)
             ... led by Robin
             ... on level 2 of the Dungeon.
             The game lasted 00:04:51 (1077 turns).

porpoise the Magician (Djinni Fire Elementalist)    Turns: 1077, Time: 00:04:51

Health: 0/28       AC:  2    Str:  7    XL:     3   Next: 50%
Gold:   66         EV: 12    Int: 18    God:
                   SH:  0    Dex: 13

rFire   + + .      SeeInvis .   b - +1 hunting sling
rCold   x . .      Faith    .   (no shield)
rNeg    . . .      Spirit   .   c - +0 robe
rPois   ∞          Reflect  .   (no helmet)
rElec   .          Harm     .   (no cloak)
rCorr   .          Rampage  .   (no gloves)
Will    .....                   (boots unavailable)
Stlth   ++........              (no amulet)
HPRegen 0.09/turn               (no ring)
MPRegen 0.00/turn               (no ring)

@: brilliant, flying
A: sickness immunity, fire resistance 2, cold vulnerability 1, float, innate
caster, HP casting, extra vitality 1
a: no special abilities


You were on level 2 of the Dungeon.
You visited 1 branch of the dungeon, and saw 2 of its levels.

You collected 66 gold pieces.

Inventory:

Hand Weapons
 a - a +0 mace
 b - a +1 hunting sling (weapon)
Missiles
 e - 18 sling bullets (quivered ammo)
 i - 31 stones
 k - 20 arrows
Armour
 c - a +0 robe (worn)
Scrolls
 g - a scroll of brand weapon {unknown}
Potions
 d - a potion of mutation


   Skills:
 * Level 1.9 Fighting
 - Level 2.1 Dodging
 - Level 1.5 Stealth
 * Level 2.9 Spellcasting


You couldn't memorise any spells.
You knew the following spells:

 Your Spells              Type           Power      Damage    Failure   Level
a - Foxfire               Conj/Fire      80%        2x1d8     4%          1
b - Scorch                Fire           40%        2d7       8%          2
c - Conjure Flame         Conj/Fire      20%        6-21      14%         3
d - Inner Flame           Hex/Fire       20%        N/A       14%         3
e - Flame Wave            Conj/Fire      20%        2d7       43%         4
f - Freeze                Ice            80%        1d9       4%          1
Your spell library was empty.

Dungeon Overview and Level Annotations

Branches:
Dungeon (2/15)

Altars:

Annotations:
D:2 Robin


Innate Abilities, Weirdness & Mutations

You are immune to sickness and miasma.
You are immune to poison.
Your flesh is very heat resistant. (rF++)
You are vulnerable to cold. (rC-)
You float through the air rather than walking.
You learn spells naturally, not from books.
Your magical power is your life essence.
You have superior vitality. (+4 MHP)


Message History

You kill the goblin!
The foxfire hits the goblin.
You kill the goblin!
Robin throws the goblin at you! The goblin barely misses you.
Really attack while wielding your +0 hunting sling? [Y]es or [N]o only, please.
Really attack while wielding your +0 hunting sling?
Okay, then.
The orc hits you with a +0 short sword. Robin throws the goblin at you!
A goblin comes into view. It is wielding a +0 club.
The goblin hits you with a +1 dagger of electrocution.
The goblin closely misses you.
Really attack while wielding your +0 hunting sling?
Okay, then.
Casting: Foxfire (safe; 4% risk of failure)
Confirm with . or Enter, or press ? or * to list all spells.
You aren't experienced enough to cast this spell.
Unknown command.
As you read the scroll labelled CAERUO QUOBRO, it crumbles to dust.
It is a scroll of enchant weapon.
Your +0 hunting sling glows red for a moment.
The orc hits you with a +0 short sword. Robin throws the goblin at you!
The goblin hits you with a +1 dagger of electrocution.
The goblin hits you but does no damage. The goblin closely misses you.
As you read the scroll labelled RAHOSIPLOA, it crumbles to dust.
It is a scroll of identify.
d - a potion of mutation The hobgoblin barely misses you.
The orc hits you with a +0 short sword.
* * * LOW HITPOINT WARNING * * *
Robin says, "Duck!"
Robin roars a battlecry!
The goblin goes into a battle-frenzy!
The goblin hits you with a +1 dagger of electrocution.
* * * LOW HITPOINT WARNING * * *
The goblin closely misses you. The goblin barely misses you.
Okay, then.
It was a potion of brilliance.
You feel clever all of a sudden. The hobgoblin hits you.
You die...

#. .....#...# ####.
....#...# #.... g).#...#
#.#<. ..#...# #.#..
#gg...####. #.#..
##.......... #.#..
##.)og....... ###.#.#
#...g@....... #......
......#)#gg#########.#.###
..... #............)...# .
..###...#..#########.###..
. ##.(#..# #.#.#.. ##...>#
#.#.... #.#### #.#.#..
#..# #.#.#.. ... #.#...#


You could see Robin, an orc, 2 hobgoblins and 4 goblins.

Vanquished Creatures
  2 orcs
  3 ball pythons (D:1)
  An endoplasm (D:1)
  6 goblins
  7 hobgoblins
  A quokka (D:1)
  A bat (D:1)
  A frilled lizard (D:1)
  2 kobolds (D:1)
  2 rats (D:2)
26 creatures vanquished.

Vanquished Creatures (others)
  55 foxfires
55 creatures vanquished.

Grand Total: 81 creatures vanquished

Notes
Turn   | Place    | Note
-------+----------+-------------------------------------------
     0 | D:1      | porpoise the Djinni Fire Elementalist began the quest for
                  | the Orb.
     0 | D:1      | Reached XP level 1. HP: 15/15 MP: 0/0
   179 | D:1      | Reached XP level 2. HP: 21/22 MP: 0/0
   197 | D:1      | Reached skill level 1 in Fighting
   514 | D:1      | Reached XP level 3. HP: 22/27 MP: 0/0
   514 | D:1      | Learned a level 1 spell: Freeze
  1068 | D:2      | Noticed Robin
  1077 | D:2      | Slain by a hobgoblin

Illustrated notes

Levels and vault maps discovered:
D:1:      dpeg_arrival_castle, layout_basic, minivault_14
D:2:      layout_basic, palyth_stone_intersect, uniq_crazy_yiuf_cottage,
          uniq_robin

Skill      XL: |  1  2 |
---------------+-------+-----
Fighting       | 1 |  1.9
Dodging        | |  2.1
Stealth        | |  1.5
Spellcasting   | |  2.9

Action                   || total
-------------------------++-------
 Fire: Hunting sling     ||     2
 Cast: Foxfire           ||    32
       Scorch            ||     2
  Use: Scroll            ||     2
       Potion            ||     1
Armor: Robe              ||     3
Dodge: Dodged            ||    11
